Match 45052239
Unlisted

Match 45052239
End
Construct Section Command Post
Infantry Section
Infantry Section
Construct Field Infirmary
Royal Engineer Section
Selects Australian Defense Battlegroup
Selects Australian Light Infantry Section
Construct Platoon Command Post
Australian Light Infantry Section
Selects CMP 15cwt Supply Run
Selects Reinforced Resource Caches
CMP 15cwt Supply Run
Unlock M3 Stuart Light Tanks
M3 Stuart Light Tank
M3 Stuart Light Tank
Light Vehicle Training
CMP 15cwt Supply Run
Selects Defensive Tactics
Royal Engineer Section
Selects Charged Creeping Barrage
Selects Hold the Line!
Charged Creeping Barrage
MuchShiba
Ripsy
马小Tree
Woods
Infinito
Avatar
0
0

Comments sign in to comment!

No comments posted yet!